 Dungeon Crawl Stone Soup version 0.27.0-1-g7a089689b8 (webtiles) character file.

Game seed: 209696894025414745

77 sanka the Ducker (level 4, 0/21 HPs)
             Began as a Felid Abyssal Knight on Aug 9, 2021.
             Was a Believer of Lugonu.
             Slain by a centaur zombie (5 damage)
             ... in an ossuary.
             The game lasted 00:05:43 (4920 turns).

sanka the Ducker (Felid Abyssal Knight)             Turns: 4920, Time: 00:05:44

Health: 0/21       AC:  1    Str:  8    XL:     4   Next: 13%
Magic:  6/6        EV: 20    Int: 13    God:    Lugonu [**....]
Gold:   30         SH:  0    Dex: 17    Spells: 3/3 levels left
                                        Lives:  0   Deaths: 1

rFire    . . .     SeeInvis +     - Unarmed
rCold    . . .     Faith    .   (shield unavailable)
rNeg     . . .     Spirit   .   (armour unavailable)
rPois    .         Reflect  .   (helmet unavailable)
rElec    .         Harm     .   (cloak unavailable)
rCorr    .         Rampage  .   (gloves unavailable)
Will     .....                  (boots unavailable)
Stlth    ++........             (no amulet)
HPRegen  0.07/turn              (no ring)
MPRegen  0.10/turn              (no ring)

@: quick
A: very small, claws 1, fangs 3, see invisible, speed 1, shaggy fur 1, stealthy
paws, no weapons or thrown items, no armour, multi-lived
a: Renounce Religion, Depart the Abyss, Bend Space


You were in an ossuary.
You worshipped Lugonu.
Lugonu was pleased with you.
You visited 1 branch of the dungeon, and saw 4 of its levels.
You visited the Abyss 1 time.
You also visited: Ossuary.

You collected 30 gold pieces.


Innate Abilities, Weirdness & Mutations

You have sharp claws.
You have razor-sharp teeth.
You have supernaturally acute eyesight. (SInv)
You cover ground quickly. (Speed+)
You are covered in fur. (AC +1)
Your paws help you pounce on unaware monsters.
You are incapable of wielding weapons or throwing items.
You cannot wear armour.
You gain extra lives every three experience levels.


   Skills:
 - Level 3.0 Fighting
 + Level 5.6 Dodging
 + Level 4.0 Unarmed Combat
 - Level 1.7 Invocations


You had 3 spell levels left.
You didn't know any spells.
Your spell library contained the following spells:

 Spells                   Type           Power      Damage    Failure   Level
 Animate Skeleton         Necr           0%         N/A       30%         1
 Apportation              Tloc           0%         N/A       30%         1
 Corona                   Hex            0%         N/A       30%         1
 Summon Small Mammal      Summ           0%         N/A       30%         1
 Blade Hands              Tmut           0%         N/A       100%        5
 Portal Projectile        Hex/Tloc       Unusable   N/A       N/A         3
 Excruciating Wounds      Necr           Unusable   N/A       N/A         5

Inventory:

Wands
 b - a wand of iceblast (6)
Scrolls
 a - a scroll of torment {unknown}
 d - 2 scrolls of magic mapping {unknown}
 e - 2 scrolls of fear {unknown}
 f - 2 scrolls of teleportation {unknown}
 g - a scroll of brand weapon {unknown}
Potions
 c - a potion of heal wounds {@q2}

Dungeon Overview and Level Annotations

Branches:
Dungeon (4/15)            Ossuary (1/1)
 Temple: D:4-7

Altars:

Shops:
D:3

* ▒▒▒▒▒▒▒▒▒▒▒▒▒ ▒▒▒▒▒▒
.▒.▒.▒.▒.▒.▒.▒▒....▒▒
^.^.^^Z..M..........▒▒
^....†Z..Z.Z..^......▒▒
..ZZZZZ^....^Z^...M..∩▒
.^....^...^^..^M.....▒▒
...............ZZZ..▒▒
.▒.▒.▒.▒.▒.▒.▒▒Zh??▒▒
▒▒▒▒▒▒▒▒▒▒▒▒▒ ▒▒▒▒▒▒


You could see 3 mummies, 3 hobgoblin zombies and 4 centaur zombies.


Message History

You see here a scroll labelled OKOAWI ZEKLIMM.
e - 2 scrolls labelled OKOAWI ZEKLIMM (gained 1)
The mummy closely misses you.
The centaur zombie completely misses you.
The centaur zombie kicks you but does no damage.
The centaur zombie misses you. The centaur zombie barely misses you.
The centaur zombie misses you. The centaur zombie kicks you.
The centaur zombie completely misses you.
The centaur zombie closely misses you.
You see here a scroll labelled RICIONTORO.
d - 2 scrolls labelled RICIONTORO (gained 1)
The centaur zombie misses you. The centaur zombie kicks you.
The centaur zombie hits you.
* * * LOW HITPOINT WARNING * * *
The centaur zombie kicks you.
* * * LOW HITPOINT WARNING * * *
The centaur zombie misses you.
The centaur zombie kicks you but does no damage.
The centaur zombie completely misses you.
The centaur zombie closely misses you. The centaur zombie hits you.
* * * LOW HITPOINT WARNING * * *
The centaur zombie misses you.
The centaur zombie completely misses you.
The centaur zombie misses you. The centaur zombie hits you.
You die...

Action                   |  1- 3 |  4- 6 || total
-------------------------+-------+-------++-------
Melee: Unarmed           |   143 |    78 ||   221
       Bite              |     9 |     4 ||    13
       Punch             |     1 |     1 ||     2
Invok: Depart the Abyss  |     1 |       ||     1
  Use: Potion            |     1 |     5 ||     6
 Stab: Sleeping          |     4 |       ||     4
Armor: Skin              |    11 |     7 ||    18
Dodge: Dodged            |   111 |   102 ||   213

Levels and vault maps discovered:
D:1:      tarquinn_simple_flora_water_e, layout_rooms
D:2:      layout_basic, grunt_ministairs_5, grunt_decor_cap, uniq_robin
D:3:      layout_loops_cross, serial_shops, shop, uniq_ijyb
D:4:      layout_basic, temple_pool_b, enter_ossuary_2
Ossuary:  ossuary_the_hunt_dpeg

Notes
Turn   | Place    | Note
-------+----------+-------------------------------------------
     0 | Abyss:1  | sanka the Felid Abyssal Knight began the quest for the Orb.
     0 | Abyss:1  | Reached XP level 1. HP: 10/10 MP: 3/3
     3 | Abyss:1  | Found a corrupted altar of Lugonu.
    25 | Abyss:1  | Noticed a neqoxec
    41 | Abyss:1  | Found a corrupted altar of Lugonu.
    60 | Abyss:1  | Found a corrupted altar of Lugonu.
    66 | D:1      | Escaped the Abyss
   459 | D:1      | Reached XP level 2. HP: 9/14 MP: 4/4
   764 | D:1      | Reached * piety under Lugonu
   927 | D:2      | Reached skill level 4 in Dodging
  1166 | D:2      | Reached XP level 3. HP: 15/17 MP: 5/5
  1705 | D:2      | Reached skill level 3 in Unarmed Combat
  2408 | D:2      | Noticed Robin
  2970 | D:2      | Killed Robin
  2971 | D:2      | Reached XP level 4. HP: 12/21 MP: 6/6
  3577 | D:3      | Found Wumnamoo's Assorted Antiques.
  3598 | D:3      | Reached skill level 5 in Dodging
  4240 | D:3      | HP: 2/21 [poisoned by an adder]
  4509 | D:3      | Noticed Ijyb
  4511 | D:3      | Reached ** piety under Lugonu
  4545 | D:3      | Killed Ijyb
  4546 | D:3      | Reached skill level 4 in Unarmed Combat
  4546 | D:3      | Reached XP level 5. HP: 13/24 MP: 7/7
  4710 | D:3      | Noticed a necrophage
  4870 | D:4      | Found a sand-covered staircase.
  4875 | Ossuary  | Entered an ossuary
  4902 | Ossuary  | Slain by a centaur zombie
  4903 | Ossuary  | Reached XP level 4. HP: -1/21 MP: 6/6
  4920 | Ossuary  | Slain by a centaur zombie

Vanquished Creatures
  Ijyb (D:3)
  A hound zombie (D:3)
  Robin (D:2)
  5 adders
  An adder skeleton (D:2)
  A worm (D:3)
  A dart slug (D:1)
  4 endoplasms (D:2)
  4 giant cockroaches
  6 goblins
  4 hobgoblins
  4 jackals (D:2)
  3 ball pythons
  5 bats
  7 kobolds
  3 rats
51 creatures vanquished.
